[Event "Cracovia Festival-A 2023"]
[Site "Krakow"]
[Date "2024.01.02"]
[Round "7.33"]
[White "Kazantzoglou, Stefanos"]
[Black "Loftgaard, Mikkel Vinh"]
[Result "1/2-1/2"]
[ECO "B23"]
[WhiteElo "2152"]
[BlackElo "2322"]
[Annotator "RC"]
[PlyCount "148"]
[EventDate "2023.12.24"]
[EventType "swiss"]
[EventCountry "POL"]
[SourceTitle "playchess.com"]
[Source "ChessBase"]
[SourceQuality "1"]
[TimeControl "40/5400+30:1800+30"]

1. e4 c5 2. Nc3 e6 3. d4 cxd4 4. Qxd4 Nc6 5. Qe3 Nf6 6. Nf3 d6 7. b3 Be7 8. Bb2 a6 9. h3 Qc7 10. O-O-O O-O 11. g4 Nd7 12. h4 b5 13. g5 Qa7 14. Qd2 Nc5 15. Nd4 Bb7 16. Nxc6 Bxc6 17. f3 Rad8 18. Qd4 e5 19. Qg1 Rd7 20. Nd5 Bxd5 21. exd5 Rc7 22. Kb1 a5 23. h5 b4 24. g6 fxg6 25. hxg6 h6 26. Bxe5 a4 27. Bc4 axb3 28. cxb3 Ra8 29. Qg2 Na4 30. Bxg7 Kxg7 31. bxa4 Rxc4 32. Qe2 Qc7 33. Qe6 Bg5 34. Rde1 Rf8 35. a5 Qc8 36. a6 Qxe6 37. Rxe6 Rxf3 38. Rxd6 b3 39. Rb6 bxa2+ 40. Kxa2 Ra4+ 41. Kb1 Rfa3 42. Rd1 Rxa6 43. Rxa6 Rxa6 44. d6 Kxg6 45. d7 Ra8 46. Kc2 Rd8 47. Rd5 h5 48. Kd3 h4 49. Ke2 Rf8 50. Rd3 Kh5 51. Rf3 Rd8 52. Rd3 Kg4 53. Kf2 Bf6 54. Kg2 Ra8 55. Rd5 Ra2+ 56. Kh1 Bd8 57. Rd4+ Kf5 58. Rd1 Ke6 59. Rd3 Ra4 60. Kg2 Ke7 61. Kh3 Bc7 62. Rd5 Kd8 63. Rd3 Bg3 64. Kg2 Ra2+ 65. Kh3 Rh2+ 66. Kg4 Rh1 67. Rd5 Be1 68. Rd1 Rg1+ 69. Kh3 Rf1 70. Kg2 Rf2+ 71. Kg1 Re2 72. Kf1 Rc2 73. Rxe1 h3 74. Kg1 Kxd7 1/2-1/2

[Event "Cracovia Festival-A 2023"]
[Site "Krakow"]
[Date "2024.01.02"]
[Round "7.34"]
[White "Buchenau, Frank"]
[Black "Luczak, Filip"]
[Result "1-0"]
[ECO "B00"]
[WhiteElo "2135"]
[BlackElo "2319"]
[Annotator "RC"]
[PlyCount "125"]
[EventDate "2023.12.24"]
[EventType "swiss"]
[EventCountry "POL"]
[SourceTitle "playchess.com"]
[Source "ChessBase"]
[SourceQuality "1"]
[TimeControl "40/5400+30:1800+30"]

1. e4 d6 2. d4 Nd7 3. f4 e5 4. Nf3 Ngf6 5. Nc3 exd4 6. Qxd4 c6 7. Be3 d5 8. exd5 Bc5 9. Qd3 Qe7 10. Kd2 cxd5 11. Re1 O-O 12. Bxc5 Qxc5 13. Qd4 Qa5 14. Bd3 Nb6 15. Kc1 Bd7 16. Ne5 Rac8 17. g4 Bc6 18. g5 Ne4 19. Nxc6 Rxc6 20. Nxe4 dxe4 21. Qxe4 g6 22. a3 Nd5 23. Qd4 Re6 24. Rxe6 fxe6 25. Qe5 Qb6 26. f5 gxf5 27. Re1 Nc7 28. h4 Rd8 29. h5 Qd6 30. Bc4 Qxe5 31. Rxe5 Kg7 32. c3 Rd6 33. Kc2 h6 34. g6 Kf6 35. Ra5 Rc6 36. Be2 b6 37. Rxa7 e5 38. b4 Nd5 39. Rf7+ Ke6 40. c4 Nf4 41. Rf8 Rc7 42. Kd2 e4 43. Rb8 Ke5 44. Rxb6 Rd7+ 45. Ke3 Nxe2 46. Rb5+ Kf6 47. Kxe2 f4 48. a4 Rd3 49. Rb6+ Kg7 50. Rb7+ Kg8 51. Rb8+ Kg7 52. Rb7+ Kg8 53. Rb8+ Kg7 54. Rb7+ Kg8 55. Rf7 f3+ 56. Ke1 Ra3 57. b5 Ra1+ 58. Kd2 Ra2+ 59. Ke3 Re2+ 60. Kd4 Re1 61. b6 e3 62. Rxf3 e2 63. Ke3 1-0

[Event "Cracovia Festival-A 2023"]
[Site "Krakow"]
[Date "2024.01.02"]
[Round "7.35"]
[White "Lehocz, Jozsef Jr."]
[Black "Yezhel, Valiantsin"]
[Result "1-0"]
[ECO "B22"]
[WhiteElo "2116"]
[BlackElo "2311"]
[Annotator "RC"]
[PlyCount "45"]
[EventDate "2023.12.24"]
[EventType "swiss"]
[EventCountry "POL"]
[SourceTitle "playchess.com"]
[Source "ChessBase"]
[SourceQuality "1"]
[TimeControl "40/5400+30:1800+30"]

1. e4 c5 2. c3 Nf6 3. e5 Nd5 4. g3 d6 5. exd6 Nc6 6. Bg2 Qxd6 7. Ne2 e5 8. O-O Bg4 9. h3 Bh5 10. g4 Bg6 11. d4 O-O-O 12. Na3 Nb6 13. Be3 h5 14. g5 f6 15. Qb3 Nd5 16. dxc5 Qe6 17. Rfd1 Bf7 18. Nb5 Nxe3 19. Nxa7+ Kb8 20. Nxc6+ Qxc6 21. Rxd8+ Ka7 22. Bxc6 Bxb3 23. axb3# 1-0

[Event "Cracovia Festival-A 2023"]
[Site "Krakow"]
[Date "2024.01.02"]
[Round "7.36"]
[White "Babiarz, Arkadiusz"]
[Black "Meurs, Tom"]
[Result "1-0"]
[ECO "C58"]
[WhiteElo "2129"]
[BlackElo "2290"]
[Annotator "RC"]
[PlyCount "59"]
[EventDate "2023.12.24"]
[EventType "swiss"]
[EventCountry "POL"]
[SourceTitle "playchess.com"]
[Source "ChessBase"]
[SourceQuality "1"]
[TimeControl "40/5400+30:1800+30"]

1. e4 e5 2. Nf3 Nc6 3. Bc4 Nf6 4. Ng5 d5 5. exd5 Na5 6. Bb5+ c6 7. dxc6 bxc6 8. Bd3 Nd5 9. Nf3 Bd6 10. O-O O-O 11. Re1 f5 12. Nxe5 Qf6 13. Nf3 g5 14. c4 Nf4 15. Bf1 g4 16. d4 gxf3 17. Qxf3 Ne6 18. Qc3 Nxd4 19. c5 Bc7 20. b4 Be5 21. Rxe5 Qxe5 22. Bb2 Rd8 23. Na3 Rb8 24. Re1 Qg7 25. Kh1 Be6 26. Nc2 Bd5 27. Nxd4 Nc4 28. Ba1 Re8 29. Rc1 f4 30. Qxc4 1-0

[Event "Cracovia Festival-A 2023"]
[Site "Krakow"]
[Date "2024.01.02"]
[Round "7.37"]
[White "Kaliszuk, Kamil"]
[Black "Marszalek, Maciej"]
[Result "1-0"]
[ECO "E73"]
[WhiteElo "2107"]
[BlackElo "2269"]
[Annotator "RC"]
[PlyCount "97"]
[EventDate "2023.12.24"]
[EventType "swiss"]
[EventCountry "POL"]
[SourceTitle "playchess.com"]
[Source "ChessBase"]
[SourceQuality "1"]
[TimeControl "40/5400+30:1800+30"]

1. d4 Nf6 2. c4 g6 3. Nc3 Bg7 4. e4 d6 5. Be2 O-O 6. Be3 e5 7. d5 Na6 8. g4 Nc5 9. f3 a5 10. h4 h5 11. g5 Ne8 12. Qd2 Bd7 13. O-O-O Qb8 14. Nh3 c6 15. Nf2 Nc7 16. dxc6 Bxc6 17. Qxd6 N5e6 18. Bb6 Rd8 19. Bxc7 Rxd6 20. Bxb8 Rxd1+ 21. Nfxd1 Rxb8 22. Ne3 Bf8 23. Ncd5 Bc5 24. Nc2 Kg7 25. Rh2 Bxd5 26. cxd5 Nf4 27. Bf1 f6 28. gxf6+ Kxf6 29. Kd2 Rc8 30. a3 Ke7 31. Kd1 g5 32. hxg5 Rg8 33. Ne1 Rxg5 34. Nd3 Rg1 35. Nxf4 Rxf1+ 36. Ke2 Rc1 37. Kd2 Rf1 38. Nd3 Bd4 39. Rxh5 Rxf3 40. Nxe5 Rf2+ 41. Kd3 Bxb2 42. Rh7+ Kd8 43. Nc4 b5 44. Nxa5 Bxa3 45. Nc6+ Ke8 46. e5 Rf1 47. Rb7 Rb1 48. e6 Bd6 49. Rd7 1-0

[Event "Cracovia Festival-A 2023"]
[Site "Krakow"]
[Date "2024.01.02"]
[Round "7.38"]
[White "Warchol, Kamil"]
[Black "Ramirez Garcia, Jorge Alberto"]
[Result "1/2-1/2"]
[ECO "B10"]
[WhiteElo "2108"]
[BlackElo "2249"]
[Annotator "RC"]
[PlyCount "83"]
[EventDate "2023.12.24"]
[EventType "swiss"]
[EventCountry "POL"]
[SourceTitle "playchess.com"]
[Source "ChessBase"]
[SourceQuality "1"]
[TimeControl "40/5400+30:1800+30"]

1. e4 c6 2. c4 d5 3. cxd5 cxd5 4. exd5 Nf6 5. Nc3 Nxd5 6. Nf3 Nc6 7. Bb5 g6 8. Ne5 Qd6 9. d4 Bg7 10. Qe2 O-O 11. Bxc6 bxc6 12. O-O Nxc3 13. bxc3 c5 14. Ba3 Ba6 15. Nd3 Rfd8 16. Rfd1 Rac8 17. Qf3 Bxd3 18. Qxd3 Qd5 19. Qf1 cxd4 20. cxd4 e6 21. Bc5 Rd7 22. Qb5 e5 23. Qb3 a6 24. Rac1 exd4 25. Ba3 Rxc1 26. Rxc1 h5 27. Rd1 d3 28. Qxd5 Rxd5 29. Bb4 Rb5 30. Be1 Rd5 31. g3 f5 32. Bd2 Bb2 33. Kg2 Kf7 34. Kf3 Bd4 35. Be1 Bc5 36. Bd2 Ke6 37. h4 Kd6 38. Re1 Kd7 39. Kg2 Bb6 40. Kf3 Rb5 41. Bc3 Ba5 42. Rd1 1/2-1/2

[Event "Cracovia Festival-A 2023"]
[Site "Krakow"]
[Date "2024.01.02"]
[Round "7.39"]
[White "Wojdak, Jan"]
[Black "Jedraszek, Pawel"]
[Result "1/2-1/2"]
[ECO "C50"]
[WhiteElo "2219"]
[BlackElo "2124"]
[Annotator "RC"]
[PlyCount "78"]
[EventDate "2023.12.24"]
[EventType "swiss"]
[EventCountry "POL"]
[SourceTitle "playchess.com"]
[Source "ChessBase"]
[SourceQuality "1"]
[TimeControl "40/5400+30:1800+30"]

1. e4 e5 2. Nf3 Nc6 3. Bc4 Nf6 4. d3 Bc5 5. Nc3 d6 6. Na4 Bb6 7. a3 h6 8. h3 O-O 9. O-O Be6 10. Bxe6 fxe6 11. b4 Qe8 12. Nxb6 axb6 13. c3 Qf7 14. Nh2 Qg6 15. Ng4 Rf7 16. Nxf6+ Rxf6 17. Be3 d5 18. Qg4 Qf7 19. c4 dxc4 20. dxc4 Nd4 21. Ra2 c5 22. bxc5 bxc5 23. f4 exf4 24. Rxf4 Rxf4 25. Bxf4 Kh7 26. Be5 Nc6 27. Bd6 Ra4 28. e5 Na5 29. Qe4+ Qg6 30. Qxg6+ Kxg6 31. Bxc5 Nxc4 32. Bd6 Ra6 33. Rc2 b5 34. Bb4 Ra4 35. Bf8 Kf7 36. Rf2+ Kg8 37. Bb4 Nxe5 38. Rf8+ Kh7 39. Rb8 Nc6 1/2-1/2

[Event "Cracovia Festival-A 2023"]
[Site "Krakow"]
[Date "2024.01.02"]
[Round "7.40"]
[White "Baum, Jonasz"]
[Black "Gaurav Rajesh Zagade"]
[Result "1-0"]
[ECO "E06"]
[WhiteElo "2421"]
[BlackElo "2126"]
[Annotator "RC"]
[PlyCount "113"]
[EventDate "2023.12.24"]
[EventType "swiss"]
[EventCountry "POL"]
[SourceTitle "playchess.com"]
[Source "ChessBase"]
[SourceQuality "1"]
[TimeControl "40/5400+30:1800+30"]

1. d4 d5 2. c4 e6 3. Nf3 Nf6 4. g3 Be7 5. Bg2 O-O 6. O-O dxc4 7. Qa4 a6 8. Qxc4 b5 9. Qc2 Bb7 10. Bd2 Be4 11. Qc1 Nbd7 12. Ba5 Rc8 13. Nbd2 Bb7 14. Ne5 Bxg2 15. Kxg2 Nxe5 16. dxe5 Ng4 17. Nf3 Qd5 18. Rd1 Qc5 19. e3 f6 20. Qxc5 Bxc5 21. Rdc1 Bb6 22. Bxb6 cxb6 23. exf6 Nxf6 24. Rxc8 Rxc8 25. Rd1 h6 26. Ne1 Rc6 27. f3 Kf7 28. Kf2 Ke7 29. Ke2 Rc4 30. Nd3 a5 31. Kd2 g5 32. h3 Nd7 33. Rc1 e5 34. e4 Rxc1 35. Nxc1 Nb8 36. Nd3 Nc6 37. Ke3 Ke6 38. f4 exf4+ 39. gxf4 gxf4+ 40. Kxf4 b4 41. Kg4 Kf6 42. Kh5 Ne5 43. Nxe5 Kxe5 44. Kxh6 Kxe4 45. h4 Kd3 46. h5 Kc2 47. b3 Kb2 48. Kg5 Kxa2 49. h6 a4 50. h7 axb3 51. h8=Q b2 52. Qa8+ Kb1 53. Kf4 Kc1 54. Qc6+ Kd2 55. Qd5+ Kc2 56. Qc4+ Kd1 57. Qxb4 1-0

[Event "Cracovia Festival-A 2023"]
[Site "Krakow"]
[Date "2024.01.02"]
[Round "7.41"]
[White "Mirski, Stanislaw"]
[Black "Berin, Artem"]
[Result "0-1"]
[ECO "E08"]
[WhiteElo "2187"]
[BlackElo "2321"]
[Annotator "RC"]
[PlyCount "98"]
[EventDate "2023.12.24"]
[EventType "swiss"]
[EventCountry "POL"]
[SourceTitle "playchess.com"]
[Source "ChessBase"]
[SourceQuality "1"]
[TimeControl "40/5400+30:1800+30"]

1. d4 Nf6 2. Nf3 e6 3. g3 d5 4. Bg2 Be7 5. O-O O-O 6. c4 Nbd7 7. Qc2 a5 8. Rd1 h6 9. Nc3 c6 10. b3 b5 11. a3 bxc4 12. bxc4 Ba6 13. c5 Ne8 14. e4 Nc7 15. Bf4 Nb5 16. Na4 Bf6 17. e5 Be7 18. h4 f5 19. exf6 Bxf6 20. Bh3 Re8 21. Qg6 Nf8 22. Qh5 Ra7 23. Be5 Nd7 24. Qg6 Bxe5 25. Bxe6+ Kh8 26. Bxd7 Rxd7 27. Nxe5 Nxd4 28. Rxd4 Rxe5 29. Qxc6 Bb7 30. Qb6 Rc7 31. Qxa5 Qe7 32. Rc1 Bc6 33. Nb6 Ra7 34. Qc3 Qe6 35. a4 Rf7 36. Rf1 Re2 37. Qd3 Ra2 38. Qe3 Rfxf2 39. Qxf2 Rxf2 40. Rxf2 Qe3 41. Rdf4 Qxg3+ 42. Kf1 Qd3+ 43. Kg1 d4 44. Kh2 Qd1 45. Kh3 d3 46. Nc4 Qh1+ 47. Rh2 Qg1 48. Rf8+ Kh7 49. Rf7 Bd5 0-1

[Event "Cracovia Festival-A 2023"]
[Site "Krakow"]
[Date "2024.01.02"]
[Round "7.42"]
[White "Kyc, Jerzy"]
[Black "Gkavardinas, Antonios"]
[Result "0-1"]
[ECO "B13"]
[WhiteElo "2304"]
[BlackElo "2141"]
[Annotator "RC"]
[PlyCount "116"]
[EventDate "2023.12.24"]
[EventType "swiss"]
[EventCountry "POL"]
[SourceTitle "playchess.com"]
[Source "ChessBase"]
[SourceQuality "1"]
[TimeControl "40/5400+30:1800+30"]

1. e4 c6 2. d4 d5 3. exd5 cxd5 4. c4 Nf6 5. Nc3 Nc6 6. Bg5 dxc4 7. d5 Ne5 8. f4 Nd3+ 9. Bxd3 cxd3 10. Qxd3 g6 11. Nf3 Bg7 12. Rd1 O-O 13. Ne5 a6 14. Qe2 Qd6 15. O-O Bf5 16. h3 Rfe8 17. g4 Bd7 18. Nxd7 Nxd7 19. Rf3 Rac8 20. Ne4 Qb6+ 21. Nf2 Nf6 22. Re3 Rcd8 23. Bxf6 Bxf6 24. Rb3 Qc7 25. Ne4 Bg7 26. Qf3 b5 27. f5 Qe5 28. fxg6 fxg6 29. Nc5 Rf8 30. Qe4 Qxe4 31. Nxe4 Rf4 32. Re3 Bxb2 33. Kg2 Rc8 34. Re2 Ba3 35. Ng5 Rc3 36. Ne4 Rc4 37. Ng5 h5 38. Ne6 Rfe4 39. Rxe4 Rxe4 40. g5 Re2+ 41. Kg1 Rc2 42. Rd3 Bd6 43. Rf3 Rc8 44. Kf1 b4 45. Ke2 a5 46. Kd3 Rc3+ 47. Ke4 Rxf3 48. Kxf3 a4 49. Ke4 b3 50. axb3 a3 51. Nd4 a2 52. Nc2 Ba3 53. Kd4 Bb2+ 54. Kc5 a1=Q 55. Nxa1 Bxa1 56. b4 Be5 57. Kc6 Bf4 58. b5 Bxg5 0-1

[Event "Cracovia Festival-A 2023"]
[Site "Krakow"]
[Date "2024.01.02"]
[Round "7.43"]
[White "Fishchuk, Vladyslav"]
[Black "Bilczewski, Kacper"]
[Result "1/2-1/2"]
[ECO "D10"]
[WhiteElo "2198"]
[BlackElo "2125"]
[Annotator "RC"]
[PlyCount "83"]
[EventDate "2023.12.24"]
[EventType "swiss"]
[EventCountry "POL"]
[SourceTitle "playchess.com"]
[Source "ChessBase"]
[SourceQuality "1"]
[TimeControl "40/5400+30:1800+30"]

1. d4 d5 2. c4 c6 3. Nf3 Nf6 4. cxd5 cxd5 5. Nc3 Nc6 6. Bf4 e6 7. e3 a6 8. Bd3 Be7 9. h3 O-O 10. O-O b5 11. Qe2 Bb7 12. Rfc1 Rc8 13. a4 b4 14. Na2 Qb6 15. Nd2 Na5 16. b3 Ne4 17. Bxe4 dxe4 18. Nc4 Nxc4 19. bxc4 a5 20. c5 Qc6 21. Rcb1 Ba6 22. Qg4 Bd3 23. Rb2 f5 24. Qd1 Rfd8 25. Nc1 Bc4 26. Nb3 Bxb3 27. Qxb3 Qd5 28. Qc2 Bf6 29. Rc1 Rc6 30. Qe2 e5 31. dxe5 Bxe5 32. Bxe5 Qxe5 33. Rd2 Rxd2 34. Qxd2 Rxc5 35. Qd8+ Kf7 36. Qd7+ Kg6 37. Rxc5 Qxc5 38. Qe6+ Kg5 39. Kh2 Qc7+ 40. g3 g6 41. Kg2 Qb8 42. Qe7+ 1/2-1/2

[Event "Cracovia Festival-A 2023"]
[Site "Krakow"]
[Date "2024.01.02"]
[Round "7.44"]
[White "Manko, Mariia"]
[Black "Flak, Pawel"]
[Result "1/2-1/2"]
[ECO "A40"]
[WhiteElo "2128"]
[BlackElo "2145"]
[Annotator "RC"]
[PlyCount "141"]
[EventDate "2023.12.24"]
[EventType "swiss"]
[EventCountry "POL"]
[SourceTitle "playchess.com"]
[Source "ChessBase"]
[SourceQuality "1"]
[TimeControl "40/5400+30:1800+30"]

1. d4 b6 2. g3 Bb7 3. Nf3 Nf6 4. Bg2 g6 5. O-O Bg7 6. c4 O-O 7. Nc3 Ne4 8. Qb3 Nxc3 9. bxc3 Nc6 10. c5 Na5 11. Qb4 d6 12. cxb6 cxb6 13. Re1 Qc7 14. e4 Rac8 15. Bd2 Nc4 16. Rac1 e5 17. d5 Qc5 18. Bf1 Nxd2 19. Nxd2 Bh6 20. Qxc5 Rxc5 21. Nb3 Rc7 22. Rc2 Bc8 23. a4 f5 24. c4 fxe4 25. Nd2 Bxd2 26. Rxd2 Bf5 27. a5 bxa5 28. Ra1 Rb8 29. Rda2 Rc5 30. h3 Bd7 31. Rxa5 Rxa5 32. Rxa5 Rb1 33. g4 Kf8 34. Rxa7 Ke7 35. Kg2 Kd8 36. Ra8+ Kc7 37. Ra7+ Rb7 38. Rxb7+ Kxb7 39. Kg3 g5 40. Bg2 Kb6 41. Bxe4 h6 42. Kf3 Kc5 43. Bf5 Ba4 44. Ke3 Kxc4 45. Be6 Bc2 46. f3 Bg6 47. Bg8 h5 48. gxh5 Bxh5 49. Be6 Bg6 50. Bg8 Bf5 51. Be6 Bh7 52. Bf7 Kc3 53. Be6 Bg6 54. Bd7 Bh7 55. Be6 Kc2 56. Ke2 Bd3+ 57. Ke3 Bg6 58. Ke2 Kc1 59. Bd7 Bf7 60. Be6 Be8 61. Bg4 Ba4 62. Bf5 Bd1+ 63. Ke3 Bb3 64. Be4 Ba4 65. Bf5 Bb3 66. Be4 Kb2 67. Kf2 Ba4 68. Bf5 Be8 69. Kg3 Bh5 70. Bg4 Bg6 71. Be6 1/2-1/2

[Event "Cracovia Festival-A 2023"]
[Site "Krakow"]
[Date "2024.01.02"]
[Round "7.45"]
[White "Pacuszka, Tomasz"]
[Black "Pniaczek, Marek"]
[Result "1-0"]
[ECO "A06"]
[WhiteElo "2124"]
[BlackElo "2135"]
[Annotator "NA"]
[PlyCount "77"]
[EventDate "2023.12.24"]
[EventType "swiss"]
[EventCountry "POL"]
[SourceTitle "playchess.com"]
[Source "ChessBase"]
[SourceQuality "1"]
[TimeControl "40/5400+30:1800+30"]

1. Nf3 d5 2. b3 Nf6 3. Bb2 Bf5 4. e3 e6 5. Be2 h6 6. O-O Be7 7. c4 O-O 8. d4 c6 9. Nc3 Nbd7 10. Rc1 Rc8 11. c5 b5 12. b4 a5 13. a3 a4 14. Nxb5 cxb5 15. Bxb5 Ne4 16. Qxa4 Ra8 17. Qd1 Qc7 18. Be2 Rfb8 19. Nd2 Bf6 20. Nxe4 Bxe4 21. Qb3 Qa7 22. f3 Bg6 23. Rfd1 Be7 24. Qc3 Qa4 25. Rd2 Kf8 26. Bd1 Qb5 27. Qb3 Bg5 28. Kf2 Ra7 29. Ra1 f5 30. g3 h5 31. h4 Bf6 32. Bc3 Bf7 33. Qb2 Re8 34. a4 Qb8 35. f4 Qd8 36. Kg1 Bxh4 37. gxh4 Qxh4 38. Rg2 Nf6 39. Qf2 1-0

[Event "Cracovia Festival-A 2023"]
[Site "Krakow"]
[Date "2024.01.02"]
[Round "7.46"]
[White "Zalega, Maciej"]
[Black "Katsanis, Vasileios Dim"]
[Result "1/2-1/2"]
[ECO "B15"]
[WhiteElo "2113"]
[BlackElo "2133"]
[Annotator "RC"]
[PlyCount "116"]
[EventDate "2023.12.24"]
[EventType "swiss"]
[EventCountry "POL"]
[SourceTitle "playchess.com"]
[Source "ChessBase"]
[SourceQuality "1"]
[TimeControl "40/5400+30:1800+30"]

1. e4 c6 2. d4 d5 3. Nc3 dxe4 4. Nxe4 Nf6 5. Nxf6+ exf6 6. c3 Bd6 7. Bd3 O-O 8. Qc2 Re8+ 9. Ne2 h5 10. O-O h4 11. Nf4 Qc7 12. g3 Nd7 13. Qd1 Nf8 14. Qh5 Qd7 15. Bd2 g5 16. Ng2 Qh3 17. Qf3 Bg4 18. Qxf6 Be7 19. Qh6 hxg3 20. Qxh3 gxf2+ 21. Rxf2 Bxh3 22. Ne3 f6 23. Nf5 Bxf5 24. Bxf5 Kg7 25. Re1 Bd6 26. Ref1 Ne6 27. Rg2 Kh8 28. Bxe6 Rxe6 29. h4 gxh4 30. Rf5 Re7 31. Bf4 Bxf4 32. Rxf4 Rg8 33. Rxh4+ Rh7 34. Re4 Rxg2+ 35. Kxg2 Kg8 36. Kg3 Kf7 37. Re2 f5 38. c4 Rh1 39. Rd2 Ke6 40. d5+ cxd5 41. cxd5+ Kd6 42. Rf2 Ke5 43. Rd2 Rh6 44. b3 Rd6 45. Re2+ Kf6 46. Rd2 Ke5 47. Re2+ Kxd5 48. Kf4 Rf6 49. Re7 Kc6 50. Ke5 Rd6 51. Kxf5 Rd2 52. a4 a5 53. Kf4 Rd4+ 54. Kf3 Rh4 55. Ke2 Rd4 56. Re5 b6 57. Rb5 Rh4 58. Kd2 Rh3 1/2-1/2

[Event "Cracovia Festival-A 2023"]
[Site "Krakow"]
[Date "2024.01.02"]
[Round "7.47"]
[White "Kaim, Piotr"]
[Black "Biesiadecki, Adam"]
[Result "1-0"]
[ECO "A05"]
[WhiteElo "2127"]
[BlackElo "2102"]
[Annotator "NA RC"]
[PlyCount "80"]
[EventDate "2023.12.24"]
[EventType "swiss"]
[EventCountry "POL"]
[SourceTitle "playchess.com"]
[Source "ChessBase"]
[SourceQuality "1"]
[TimeControl "40/5400+30:1800+30"]

1. Nf3 Nf6 2. c4 c5 3. Nc3 g6 4. d4 cxd4 5. Nxd4 Bg7 6. e4 d6 7. Be2 O-O 8. Be3 Nc6 9. f3 Nxd4 10. Bxd4 Be6 11. Qd2 Qa5 12. O-O Rfc8 13. b3 a6 14. Rab1 Nd7 15. Bxg7 Kxg7 16. f4 f6 17. Kh1 b5 18. f5 Bf7 19. fxg6 hxg6 20. Bg4 Rc7 21. b4 Qb6 22. Bxd7 Rxd7 23. cxb5 axb5 24. e5 f5 25. Rbe1 Bc4 26. e6 Rdd8 27. Rxf5 Rf8 28. Rf7+ Rxf7 29. exf7 e5 30. Ne4 Rxa2 31. Qh6+ Kxf7 32. Qh7+ Kf8 33. Qxg6 Ra7 34. Nxd6 Qf2 35. Qe8+ Kg7 36. Qxe5+ Kg8 37. h3 Bf1 38. Qg5+ Kh7 39. Qh5+ Kg7 40. Qg5+ Kh7 1-0

[Event "Cracovia Festival-A 2023"]
[Site "Krakow"]
[Date "2024.01.02"]
[Round "7.48"]
[White "Kovalevsky, Stanislav"]
[Black "Krzyzanowski, Patryk"]
[Result "1-0"]
[ECO "B22"]
[WhiteElo "2163"]
[BlackElo "2102"]
[Annotator "RC"]
[PlyCount "57"]
[EventDate "2023.12.24"]
[EventType "swiss"]
[EventCountry "POL"]
[SourceTitle "playchess.com"]
[Source "ChessBase"]
[SourceQuality "1"]
[TimeControl "40/5400+30:1800+30"]

1. e4 c5 2. c3 g6 3. d4 cxd4 4. cxd4 d5 5. e5 Bg7 6. Nc3 Nc6 7. Bb5 Bd7 8. Nf3 Rc8 9. O-O Bg4 10. h3 Bxf3 11. Qxf3 e6 12. Bxc6+ bxc6 13. Na4 Qh4 14. Bf4 g5 15. g3 Qxh3 16. Bxg5 h5 17. Nc5 h4 18. Nb7 Bf8 19. Bf4 hxg3 20. Bxg3 Nh6 21. Rfd1 Nf5 22. Qg2 Qh5 23. Rd3 Qe2 24. Rad1 Qxb2 25. Nd6+ Bxd6 26. exd6 Kd7 27. Rb3 Qe2 28. Rb7+ Kd8 29. Bh4+ 1-0

[Event "Cracovia Festival-A 2023"]
[Site "Krakow"]
[Date "2024.01.02"]
[Round "7.49"]
[White "Krainski, Aleksander"]
[Black "Gbiorczyk, Mikolaj"]
[Result "0-1"]
[ECO "A48"]
[WhiteElo "2102"]
[BlackElo "2137"]
[Annotator "NA"]
[PlyCount "54"]
[EventDate "2023.12.24"]
[EventType "swiss"]
[EventCountry "POL"]
[SourceTitle "playchess.com"]
[Source "ChessBase"]
[SourceQuality "1"]
[TimeControl "40/5400+30:1800+30"]

1. d4 Nf6 2. Nf3 g6 3. e3 Bg7 4. Be2 O-O 5. O-O d6 6. Nc3 c5 7. h3 a6 8. a4 Nc6 9. d5 Nb4 10. e4 e6 11. Bg5 h6 12. Be3 exd5 13. exd5 Bf5 14. Rc1 Ne4 15. g4 Bxc3 16. Bxh6 Re8 17. gxf5 Bxb2 18. Bc4 Qf6 19. Rb1 Nc3 20. Qd2 Nxb1 21. Rxb1 Bc3 22. Qf4 Qxf5 23. Qxf5 gxf5 24. Rb3 Bg7 25. Bg5 Rab8 26. Nh4 Re4 27. Bf1 f6 0-1